 Dungeon Crawl Stone Soup version 0.27.1 (webtiles) character file.

Game seed: 2615318278602041049

0 Tsarbomb the Skirmisher (level 1, 19/19 HPs)
             Began as a Hill Orc Fighter on Sept 4, 2021.
             Was a Follower of Kikubaaqudgha.
             Quit the game on level 1 of the Dungeon.
             The game lasted 00:01:15 (113 turns).

Tsarbomb the Skirmisher (Hill Orc Fighter)           Turns: 113, Time: 00:01:15

Health: 19/19      AC:  6    Str: 18    XL:     1   Next: 10%
Magic:  1/1        EV:  7    Int:  8    God:    Kikubaaqudgha [*.....]
Gold:   35         SH:  9    Dex: 10    Spells: 0/0 levels left

rFire    . . .     SeeInvis .   a - +0 war axe
rCold    . . .     Faith    .   c - +0 kite shield
rNeg     . . .     Spirit   .   b - +0 scale mail
rPois    .         Reflect  .   (no helmet)
rElec    .         Harm     .   (no cloak)
rCorr    .         Rampage  .   (no gloves)
Will     .....                  (no boots)
Stlth    ..........             (no amulet)
HPRegen  0.06/turn              (no ring)
MPRegen  0.07/turn              (no ring)

@: no status effects
A: no striking features
a: Renounce Religion, Receive Corpses


You were on level 1 of the Dungeon.
You worshipped Kikubaaqudgha.
Kikubaaqudgha was aware of your devotion.
You visited 1 branch of the dungeon, and saw 1 of its levels.

You collected 35 gold pieces.

Inventory:

Hand Weapons
 a - a +0 war axe (weapon)
Armour
 b - a +0 scale mail (worn)
 c - a +0 kite shield (worn)
Scrolls
 e - a scroll of amnesia {unknown}
 f - a scroll of identify {unknown}
Potions
 d - a potion of might


   Skills:
 - Level 3.6 Fighting
 + Level 2.7 Axes
 - Level 3.2 Armour
 + Level 3.3 Shields


You couldn't memorise any spells.
You didn't know any spells.
Your spell library contained the following spells:

 Spells                   Type           Power      Damage    Failure   Level
 Animate Skeleton         Necr           0%         N/A       99%         1
 Pain                     Necr           0%         1d4       99%         1
 Sublimation of Blood     Necr           0%         N/A       100%        2
 Vampiric Draining        Necr           0%         2d6       100%        3


Dungeon Overview and Level Annotations

Branches:
Dungeon (1/15)

Altars:
Kikubaaqudgha

Shops:
D:1 (


Message History

There is an open gate here.
A goblin comes into view. It is wielding a +0 dagger.
Found a scroll labelled HUZAYFAERPH.
Setting a skill training target for Shields at 15.0.
A goblin is nearby!
The goblin hits you but does no damage.
You slash the goblin!
You kill the goblin!
No target in view!
No target in view!
No target in view!
No target in view!
Things that are here:
a +0 dagger; a goblin corpse
e - a scroll labelled HUZAYFAERPH
Found a dagger.
Found a faded altar of an unknown god.
No target in view!
Found 11 gold pieces.
There is a faded altar of an unknown god here.
You see here a +0 dagger.
You cannot tell which god this altar belongs to.
Convert to them anyway?
Okay, then.
You cannot tell which god this altar belongs to.
Convert to them anyway?
Kikubaaqudgha accepts your prayer! Kikubaaqudgha welcomes you!
You can now receive cadavers from Kikubaaqudgha.
Kikubaaqudgha grants you a gift!
You add the spells Pain, Sublimation of Blood, Animate Skeleton and Vampiric Draining to your library.
You now have 11 gold pieces.
Found a leather armour.
Found a scroll labelled JOUJU FOWK.
Found a stone staircase leading down.
Found 16 gold pieces.
f - a scroll labelled JOUJU FOWK You now have 19 gold pieces (gained 8).
Found Nuerr's Antique Weapon Emporium.
You now have 35 gold pieces (gained 16).
Found a whip.
Unknown command.
Unknown command.
Are you sure you want to abandon this character and quit the game? (Confirm with "yes".)

## ... #######.##
#........#.# #
#.....#..#.#.# ###
#.....#..#.#.#
.....####.....#....... .
)...∩..@......#....#.##.
..##.....#.........#....
#..#####.............
#.. #.#.#...##.##. ##
...#...........
###.###......... #.#
#.>......^
.......##.....
#.#######.##..


There were no monsters in sight!

Vanquished Creatures
  A goblin (D:1)
1 creature vanquished.

Notes
Turn   | Place    | Note
-------+----------+-------------------------------------------
     0 | D:1      | Tsarbomb the Hill Orc Fighter began the quest for the Orb.
     0 | D:1      | Reached XP level 1. HP: 19/19 MP: 1/1
    29 | D:1      | Found a faded altar of an unknown god.
    36 | D:1      | Became a worshipper of Kikubaaqudgha
    36 | D:1      | Reached * piety under Kikubaaqudgha
    36 | D:1      | Received a gift from Kikubaaqudgha
   107 | D:1      | Found Nuerr's Antique Weapon Emporium.
   113 | D:1      | Quit the game

Illustrated notes

Levels and vault maps discovered:
D:1:      saegor_arrival_simple_c, layout_loops_cross,
          ebering_ecumenical_altar_sacrificial, serial_shops, shop,
          nicolae_square_shop, nicolae_shop_waterfront

Action                   || total
-------------------------++-------
Melee: War axe           ||     1
Armor: Scale mail        ||     1
